 Dungeon Crawl Stone Soup version 0.29.1-2-gbd0b4ee654 (webtiles) character file.

Game seed: 13117227833637377009

50 funnyparkerb the Cudgeller (level 3, -4/46 HPs)
             Began as a Minotaur Berserker on Nov 9, 2022.
             Was a Believer of Trog.
             Slain by a gnoll
             ... wielding a +0 spear
              (6 damage)
             ... on level 3 of the Dungeon.
             The game lasted 00:02:07 (2332 turns).

funnyparkerb the Cudgeller (Minotaur Berserker)     Turns: 2332, Time: 00:02:08

Health: -4/46      AC:  6    Str: 23    XL:     3   Next: 55%
Magic:  2/2        EV: 11    Int:  4    God:    Trog [**....]
Gold:   99         SH:  0    Dex:  9    Spells: 2/2 levels left

rFire   . . .      SeeInvis .   a - +0 mace
rCold   . . .      Faith    .   (no shield)
rNeg    . . .      Spirit   .   e - +0 ring mail
rPois   .          Reflect  .   (helmet restricted)
rElec   .          Harm     .   i - +0 cloak
rCorr   .          Rampage  .   (no gloves)
Will    ++...                   (no boots)
Stlth   ..........              (no amulet)
HPRegen 1.15/turn               (no ring)
MPRegen 0.08/turn               (no ring)

@: berserking, strong-willed, regenerating, very quick
A: horns 2, retaliatory headbutt
a: Renounce Religion, Berserk, Trog's Hand


You were on level 3 of the Dungeon.
You worshipped Trog.
Trog was pleased with you.
You visited 1 branch of the dungeon, and saw 3 of its levels.

You collected 99 gold pieces.

Inventory:

Hand Weapons
 a - a +0 mace (weapon)
Armour
 e - a +0 ring mail (worn)
 i - a +0 cloak (worn)
Scrolls
 c - 4 scrolls of identify {unknown}
 d - 2 scrolls of enchant armour {unknown}
 f - a scroll of vulnerability {unknown}
 g - 2 scrolls of poison {unknown}
 h - a scroll of silence {unknown}
 j - a scroll of noise {unknown}
 k - a scroll of brand weapon {unknown}
Potions
 b - 2 potions of invisibility {unknown}


   Skills:
 - Level 3.6 Fighting
 + Level 5.6 Maces & Flails
 - Level 2.4 Armour
 - Level 2.1 Dodging


You had 2 spell levels left.
You didn't know any spells.
Your spell library was empty.

Dungeon Overview and Level Annotations

Branches:
Dungeon (3/15)

Altars:
Ashenzari
Gozag


Innate Abilities, Weirdness & Mutations

You have a pair of horns on your head.
You reflexively headbutt those who attack you in melee.


Message History

HP restored.
Found a stone staircase leading down.
No target in view!
No target in view!
You see here a +1 dagger of venom. 2 gnolls come into view.
The gnoll shouts!
There are monsters nearby!
A gnoll comes into view. It is wielding a +0 spear.
Found 20 gold pieces.
The gnoll shouts!
A gnoll comes into view. It is wielding a +0 spear.
The gnoll shouts!
The gnoll misses you.
You sock the gnoll!
The gnoll is severely wounded.
The gnoll hits you from afar with a +0 halberd.
The gnoll hits you with a +0 flail! The gnoll hits you but does no damage.
You closely miss the gnoll. Your headbutt misses the gnoll.
The gnoll is severely wounded.
The gnoll barely misses you. The gnoll hits you with a +0 flail!
* * * LOW HITPOINT WARNING * * *
The gnoll barely misses you.
Your skin crawls.
You feel strong-willed. The gnoll closely misses you. x2
The gnoll hits you from afar with a +0 spear.
* * * LOW HITPOINT WARNING * * *
A red film seems to cover your vision as you go berserk!
You feel yourself moving faster!
You feel mighty! The gnoll barely misses you.
The gnoll hits you with a +0 flail!
* * * LOW HITPOINT WARNING * * *
The gnoll barely misses you. x2
You barely miss the gnoll.
The gnoll is severely wounded.
The gnoll misses you. The gnoll barely misses you.
The gnoll hits you from afar with a +0 spear.
* * * LOW HITPOINT WARNING * * *
The gnoll hits you from afar with a +0 spear.
You die... #.......# #...$...# #.......# ....... ..... ######## ggg

#......# #g#
#.####.### #@#
##...###.####..
#.##............
#.######.####...
##.# #.# #
####..# #.#
..#.....# #.#
......##.# #.#
..#......# #.#
##


You could see 4 gnolls.

Vanquished Creatures
  An adder (D:2)
  5 ball pythons
  3 endoplasms
  4 giant cockroaches
  4 goblins
  4 hobgoblins (D:2)
  2 jackals (D:2)
  2 quokkas
  5 bats
  A frilled lizard (D:1)
  2 kobolds
  5 rats
38 creatures vanquished.

Vanquished Creatures (others)
  2 demonic plants (D:1)
  A plant (D:1)
  A withered plant (D:1)
4 creatures vanquished.

Grand Total: 42 creatures vanquished

Notes
Turn   | Place    | Note
-------+----------+-------------------------------------------
     0 | D:1      | funnyparkerb the Minotaur Berserker began the quest for the
                  | Orb.
     0 | D:1      | Reached XP level 1. HP: 19/19 MP: 0/0
   266 | D:1      | Reached skill level 4 in Maces & Flails
   360 | D:1      | Reached XP level 2. HP: 26/26 MP: 1/1
   443 | D:1      | Found a faded altar of an unknown god.
  1456 | D:2      | Reached ** piety under Trog
  1486 | D:2      | Reached skill level 5 in Maces & Flails
  1633 | D:2      | Reached XP level 3. HP: 31/31 MP: 2/2
  2155 | D:3      | Found an opulent altar of Gozag.
  2167 | D:3      | Found a broken altar of Ashenzari.
  2332 | D:3      | HP: 2/46 [gnoll/+0 spear (3)]
  2332 | D:3      | Slain by a gnoll

Illustrated notes

Levels and vault maps discovered:
D:1:      minmay_arrival_jagged, layout_basic, shapermc_ecumenical_altar_gd
D:2:      layout_basic
D:3:      layout_rooms, mainiacjoe_overflow_large_starburst,
          wad_floor_pattern_untrapped

Skill      XL: |  1  2 |
---------------+-------+-----
Maces & Flails | 4 5 |  5.6
Fighting       | |  3.6
Armour         | |  2.4
Dodging        | |  2.1

Action                   || total
-------------------------++-------
Melee: Mace              ||    67
       Headbutt          ||     5
       Punch             ||     1
Invok: Berserk           ||     1
       Trog's Hand       ||     1
Armor: Animal skin       ||     1
       Ring mail         ||    25
Dodge: Dodged            ||    49
